 Dungeon Crawl Stone Soup version 0.26-a0-651-gb41185065b (webtiles) character file.

Game seed: 3927531319854475898

(classic levelgen) 312324 EnegeticOcto the Champion of Chaos (level 20, -20/196 HPs)
             Began as a Deep Dwarf Fighter on Oct 7, 2020.
             Was the Champion of Makhleb.
             Killed from afar by a Killer Klown (25 damage)
             ... with a klown pie
             ... while petrified
             ... on level 5 of the Realm of Zot.
             The game lasted 00:20:39 (17042 turns).

EnegeticOcto the Champion of Chaos (DDFi)          Turns: 17042, Time: 00:20:40

Health: -20/196    AC: 34    Str: 32      XL:     20   Next: 5%
Magic:  1/1        EV: -1    Int:  3 (4)  God:    Makhleb [******]
Gold:   9          SH:  0    Dex: 10      Spells: 19/19 levels left

rFire    + . .     SeeInvis .   h - +2 hand axe (distort)
rCold    + . .     Faith    .   U - +2 tower shield
rNeg     + + +     Spirit   .   J - +5 plate armour {MR+}
rPois    ∞         Reflect  +   T - +2 helmet of Evolution {Str+6}
rElec    +         Harm     .   s - +0 cloak
rCorr    .         Rampage  .   t - +2 pair of gloves
MR       ++++.                  (no boots)
Stlth    ..........             E - amulet of reflection
HPRegen  0.00/turn              H - ring of Miurem {rC++ AC+4 Slay+3}
MPRegen  0.07/turn              y - ring "Naurph" {Fire rElec rPois Str-2}

@: about to teleport, petrified, marked, no potions, vertigo, held,
non-regenerating, hasted, constricted
A: damage resistance, heal wounds, blurry vision 1, clumsy 1, deterioration 1,
dopey 2, low mp 1, negative energy resistance 1, sense surroundings 3, screaming
1, weak 1, no regeneration
0: Orb of Zot
}: 3/15 runes: decaying, serpentine, abyssal
a: Heal Wounds, Minor Destruction, Lesser Servant of Makhleb, Major Destruction,
Greater Servant of Makhleb, Renounce Religion


You were on level 5 of the Realm of Zot.
You worshipped Makhleb.
Makhleb was exalted by your worship.
You visited 8 branches of the dungeon, and saw 42 of its levels.
You visited the Abyss 1 time.

You collected 2292 gold pieces.
You spent 2283 gold pieces at shops.

Inventory:

Hand Weapons
 a - a +0 war axe
 h - a +2 hand axe of distortion (weapon)
Missiles
 r - 2 throwing nets (quivered)
Armour
 s - a +0 cloak (worn)
 t - a +2 pair of gloves (worn)
 J - a +5 plate armour of magic resistance (worn)
 T - the +2 helmet of Evolution (worn) {Str+6}
   (You acquired it on level 3 of the Lair of Beasts)

   It affects your strength (+6).
 U - a +2 tower shield (worn)
Jewellery
 m - an uncursed ring of ice {unknown}
 y - the ring "Naurph" (right hand) {Fire rElec rPois Str-2}
   (You bought it in a shop on level 4 of the Dungeon)

   [ring of fire]

   It enhances your fire magic.
   It affects your strength (-2).
   It protects you from fire.
   It makes you vulnerable to cold.
   It insulates you from electricity.
   It protects you from poison.
 E - an amulet of reflection (around neck)
 H - the ring of Miurem (left hand) {rC++ AC+4 Slay+3}
   (You bought it in a shop on level 2 of the Orcish Mines)

   [ring of protection]

   It affects your AC (+4).
   It affects your accuracy and damage with ranged weapons and melee attacks
   (+3).
   It greatly protects you from cold.
 N - an uncursed amulet of the acrobat
 P - an uncursed ring of see invisible
Wands
 i - a wand of iceblast (7) {@v2}
 n - a wand of enslavement (9)
 o - a wand of acid (39) {@v1}
 p - a wand of paralysis (28)
 u - a wand of digging (11) {@v3}
 D - a wand of disintegration (14)
 S - a wand of polymorph (7)
Scrolls
 f - 7 scrolls of remove curse {@r2}
 x - a scroll of blinking
 C - 2 scrolls of teleportation {@r3}
 F - 2 scrolls of immolation {@r4}
 I - 5 scrolls of identify {@r1}
 K - a scroll of silence
 O - 2 scrolls of vulnerability
Potions
 b - 6 potions of ambrosia
 d - 2 potions of might {@q3}
 e - 2 potions of stabbing {@q5}
 g - 7 potions of curing {@q1}
 k - 3 potions of cancellation
 l - 2 potions of invisibility
 q - 2 potions of haste {@q4}
 v - 4 potions of magic
 w - 3 potions of resistance {@q6}
 A - 4 potions of lignification {@q7}
Miscellaneous
 B - a condenser vane (2/2)


   Skills:
 - Level 15.7 Fighting
 - Level 14.0 Axes
 - Level 14.8 Armour
 - Level 9.7 Dodging
 - Level 14.6 Shields
 + Level 22.3 Invocations
 - Level 10.0 Evocations


You had 19 spell levels left.
You didn't know any spells.
Your spell library was empty.

Dungeon Overview and Level Annotations

Branches:
Dungeon (15/15)            Temple (1/1) D:5            Lair (6/6) D:10
  Swamp (4/4) Lair:2        Snake (4/4) Lair:4          Orc (2/2) D:9
    Elf (0/3) Orc:2        Vaults (0/5) D:14         Depths (5/5) D:15
    Zot (5/5) Depths:5
  Slime: Lair:5-6

Altars:
Ashenzari
Dithmenos
Elyvilon
Gozag
Hepliaklqana
Kikubaaqudgha
Makhleb
Nemelex Xobeh
Ru
Sif Muna
Trog
Uskayaw
Xom
The Shining One
Beogh

Shops:
D:4 =(}   D:5 [   D:8 *   D:12 ?   D:15 ?   Orc:2 ([=*=   Depths:2 [[?[

Portals:
Hell: Depths:2
Bazaar: Depths:2
Trove: D:14 (give horn of Geryon)

Annotations:
Snake:3 1 runed translucent door, Efeterghoju's ghost, adept GnCj
Orc:2 1 runed translucent door, Flugslaktarn's ghost, journeyman MiFi
Depths:1 1 exclusion
Zot:3 16 runed doors
Abyss:1 Agnes; Aizul; Azrael; Duvessa; Erolcha


Innate Abilities, Weirdness & Mutations

You are resistant to damage.
You can heal yourself by infusing magical energy.
You resist negative energy. (rN+)
You passively map a large area around you.
You do not regenerate.
Scrolls take you a little longer to read.
You are clumsy. (Dex -2)
Your body sometimes deteriorates upon taking damage.
You are very dopey. (Int -4)
Your magical capacity is low. (-10% MP)
You occasionally shout uncontrollably at your foes.
You are weak. (Str -2)


Message History

A black draconian and a red draconian come into view.
The Killer Klown throws klown pie at you.
The klown pie misses you.
You hear a loud "Zot"!
The power of Zot is invoked against you!
You are slowing down.
The black draconian breathes lightning at you.
The bolt of lightning hits you! You resist.
The black draconian drops a net on you. A large net falls onto you!
You become entangled in the net!
A black draconian comes into view. It is wielding a +0 flail.
The black draconian breathes lightning at you.
The bolt of lightning misses you.
You see here a throwing net.
Really read with blurry vision while enemies are nearby? [Y]es or [N]o only, please.
Really read with blurry vision while enemies are nearby? [Y]es or [N]o only, please.
Really read with blurry vision while enemies are nearby?
The Killer Klown prods you with a +10 club of flaming!!
The Killer Klown burns you.
The Orb Guardian hits you but does no damage.
The white draconian breathes frost at you.
The chilling blast hits you. You resist.
The moth of wrath bites you but does no damage.
You begin reading the scroll.
You continue reading the scroll.
The Killer Klown blinks!
The Killer Klown throws klown pie at you.
The klown pie misses you.
The klown pie hits the Orb Guardian!!
Blueberry!
The Orb Guardian loses the ability to speak.
The Killer Klown blinks!
The Orb Guardian hits you but does no damage.
The Killer Klown karate-kicks you but does no damage.
The Orb Guardian hits you!!
The moth of wrath bites you but does no damage.
Your limbs are stiffening.
Press: ? - help, Dir - move target cursor Really blink into that permanent teleport trap?
You enter a permanent teleport trap!
Your surroundings suddenly seem different.
As you read the scroll of blinking, it crumbles to dust.
The Killer Klown blinks!
The electric golem blinks!
You have turned to stone.
The Orb Guardian pulls the alarm!
The alarm trap emits a blaring wail!
The mark upon you grows brighter.
The moth of wrath goads the Orb Guardian on!
The Orb Guardian goes berserk!
The tentacled monstrosity tentacle-slaps you but does no damage. x3
The tentacled monstrosity grabs you.
The tentacled monstrosity constricts you.
The Killer Klown blinks!
The electric golem blinks!
The Orb Guardian enters a dispersal trap!
The Orb Guardian blinks!
The orb of fire blinks!
The Orb Guardian blinks!
The Killer Klown blinks!
The Orb Guardian blinks!
The black draconian blinks!
The Orb Guardian blinks!
The tentacled monstrosity blinks!
The tentacled monstrosity loses its grip on you.
You blink.
The Orb Guardian blinks!
The moth of wrath goads the black draconian on!
The black draconian goes berserk!
The Killer Klown blinks!
The yellow draconian shifter points at you and mumbles some strange words.
You resist with almost no effort.
The Killer Klown blinks!
The Orb Guardian enters a dispersal trap!
The Orb Guardian blinks! x2; The tentacled monstrosity blinks!
The Orb Guardian blinks! x3; The tentacled monstrosity blinks!
The black draconian blinks!
The Killer Klown blinks!
The Orb Guardian blinks!
The Killer Klown blinks!
The black draconian blinks!
The Orb Guardian blinks! x2
The black draconian rages.
The moth of wrath goads the white draconian on!
The white draconian goes berserk!
The Killer Klown throws klown pie at you.
The klown pie hits you!
Plum!
You feel light-headed.
The ancient lich mumbles some strange words.
The ancient lich seems to speed up.
The Orb Guardian hits you!!
* * * LOW HITPOINT WARNING * * *
The Orb Guardian is no longer mute.
The Orb Guardian hits you!!
* * * LOW HITPOINT WARNING * * *
The yellow draconian shifter gestures at you while chanting.
The tentacled monstrosity blinks!
The black draconian hits you but does no damage.
The white draconian rages.
The Killer Klown blinks!
The Killer Klown drops a net on you. A large net falls onto you!
You become entangled in the net!
The Killer Klown karate-kicks you but does no damage.
The Orb Guardian hits you!!!
* * * LOW HITPOINT WARNING * * *
Your body deteriorates!
You feel dopey.
The tentacled monstrosity tentacle-slaps you but does no damage. x3
The tentacled monstrosity grabs you.
The tentacled monstrosity constricts you.
The Killer Klown blinks!
The yellow draconian knight hits you but does no damage.
The Orb Guardian hits you but does no damage.
The Orb Guardian hits you!!
* * * LOW HITPOINT WARNING * * *
The black draconian hits you with a +0 dire flail!
* * * LOW HITPOINT WARNING * * *
The Killer Klown throws klown pie at you.
The klown pie hits you!!!
Lemon!
You feel unable to drink.
You die...

****▓▓▓▓▓▓▓▓##8d,,,*
▓▓▓▓..........d,,,,
##▓.......dd...d....,
##............d......, ▓▓▓▓▓▓▓▓▓
#........yq..q.......,
▓▓^......▓▓▓......XL.d..d.......,
▓..X......▓▓...§.d.dX...........,
XXXXXX.....▓..XXXpd.d...dX......,
...XX.X..*.X..Xd@*p.X8........^.,
..........X▓...qpX......^^......,
▓.....^.^.▓▓...X.p..............,
▓▓.......▓▓▓..^.X...X...p.......,
▓▓▓▓▓▓▓▓▓ ▓................^...,
▓▓...................,
▓▓▓.................,
▓▓▓▓.............▓*
▓▓▓▓▓▓▓▓▓▓▓▓▓▓▓


You could see 2 orbs of fire, 4 Killer Klowns, an electric golem, 2 tentacled
monstrosities, a yellow draconian knight (icy armour), an ancient lich (fast), 4
draconians, a purple draconian, 2 draconians, a white draconian (berserk), a
yellow draconian shifter, 11 Orb Guardians and a moth of wrath.

Vanquished Creatures
  2 golden dragons
  the Enchantress (Depths:5)
  2 tentacled monstrosities
  An Orb Guardian (Zot:5)
  A storm dragon (Zot:2)
  A thorn hunter (Swamp:4)
  A draconian knight (Zot:2)
  An orc warlord (Orc:2)
  A cacodemon (Abyss:3)
  3 spriggan defenders
  3 stone giants
  4 very ugly things
  3 green draconians
  A black draconian (Zot:3)
  A white draconian (Zot:2)
  2 yellow draconians
  3 purple draconians
  2 green deaths (Swamp:4)
  2 ettins
  An ice dragon (Depths:5)
  A spriggan air mage (Depths:5)
  4 hydras
  4 centaur warriors
  A great orb of eyes (Depths:5)
  An anaconda (Snake:3)
  5 two-headed ogres
  3 deep troll shamans
  10 alligators
  2 deep troll earth magi (Depths:1)
  2 death yaks (Depths:2)
  A tengu warrior (Depths:1)
  A thrashing horror (Swamp:4)
  3 orc high priests (Orc:2)
  Sonja (Orc:2)
  2 naga sharpshooters
  A wretched star (Abyss:4)
  4 skeletal warriors (D:14)
  2 unseen horrors
  2 salamander mystics (Snake:4)
  3 deep trolls
  A spriggan druid (Swamp:4)
  7 swamp dragons
  A flayed ghost (Depths:5)
  A death drake (Abyss:4)
  22 starcursed masses (Abyss:4)
  2 glowing orange brains
  A wizard (D:14)
  A sea snake (Snake:2)
  A deep elf archer (D:15)
  A phantasmal warrior (Abyss:4)
  2 necromancers (D:14)
  4 orc knights
  8 ugly things
  3 salamanders
  A deep elf mage (D:14)
  A mana viper (Snake:1)
  5 orc sorcerers
  4 manticores
  A cyclops (D:13)
  2 elephants (Lair:6)
  2 moths of wrath
  A naga mage (Snake:4)
  2 centaur zombies
  Joseph (D:9)
  An ice statue (Snake:1)
  A smoke demon (Abyss:4)
  9 black mambas
  3 orange demons (Swamp:4)
  2 gargoyles
  4 yaktaurs
  7 cane toads
  3 rime drakes
  A freezing wraith (D:13)
  5 efreet
  A kobold demonologist (D:10)
  4 komodo dragons
  4 trolls
  2 tengu conjurers
  An ancient zyme (Abyss:4)
  A queen bee (D:10)
  5 tyrant leeches
  3 raiju (Abyss:4)
  A hornet (Depths:5)
  12 slime creatures
  Prince Ribbit (Lair:2)
  4 hippogriffs
  11 blink frogs
  10 bog bodies
  An air elemental (Depths:4)
  A vampire (D:11)
  5 wraiths
  2 spriggans (Depths:5)
  A water elemental (Depths:2)
  2 shadows
  A tarantella (shapeshifter) (Depths:5)
  8 yaks
  4 wyverns
  4 fire elementals
  13 humans (D:14)
  A basilisk (D:15)
  Eustachio (D:5)
  6 neqoxecs (Abyss:4)
  13 vampire mosquitoes
  Menkaure (D:5)
  A naga (shapeshifter) (Depths:1)
  A large abomination (Swamp:4)
  6 nagas
  2 wargs (Orc:1)
  5 insubstantial wisps
  5 swamp worms
  A water moccasin (Lair:2)
  A soldier ant (D:15)
  An acid dragon (D:12)
  9 porcupines
  5 hell hounds (D:14)
  2 swamp drakes (Swamp:4)
  2 black bears
  4 ice beasts
  26 orc warriors
  A sky beast (D:10)
  3 necrophages
  11 ogres
  3 phantoms
  3 wolves (Lair:2)
  12 centaurs
  7 crocodiles
  A big kobold (D:13)
  20 bullfrogs
  3 earth elementals (D:15)
  A gnoll sergeant (D:6)
  Dowan (D:5)
  7 scorpions
  A wyvern skeleton (D:14)
  27 killer bees
  12 howler monkeys
  12 wights
  An electric eel (Snake:2)
  A crimson imp (Abyss:4)
  2 small abominations
  A bullfrog zombie (D:11)
  A quasit (D:9)
  2 jellies
  A lava snake (D:14)
  6 hounds
  A bullfrog skeleton (D:5)
  15 orc priests
  A centaur skeleton (D:6)
  2 iguanas
  13 orc wizards
  10 worker ants
  A hound zombie (D:11)
  A worker ant zombie (D:11)
  2 gnolls (D:6)
  5 adders
  A shadow imp (D:6)
  4 white imps
  2 worms (D:4)
  3 leopard geckos
  67 orcs
  A ball python (D:4)
  3 giant cockroaches
  2 hobgoblins (D:1)
  5 jackals
  9 kobolds
  A quokka (D:4)
  A ball python skeleton (D:5)
  A goblin (D:2)
  A jackal zombie (D:5)
  A leopard gecko zombie (D:7)
  10 briar patches
  2 starspawn tentacles (Abyss:4)
700 creatures vanquished.

Vanquished Creatures (collateral kills)
  4 nagarajas (Snake:4)
  A very ugly thing (Depths:5)
  A purple draconian (Depths:5)
  A great orb of eyes (Depths:5)
  2 naga warriors (Snake:4)
  3 naga sharpshooters (Snake:4)
  A naga ritualist (Snake:4)
  2 salamanders (Snake:4)
  A black mamba (Snake:4)
  A naga mage (Snake:4)
  A spriggan (Depths:5)
  13 nagas (Snake:4)
  An orc priest (Orc:2)
32 creatures vanquished.

Vanquished Creatures (others)
  A salamander mystic (Snake:3)
  A manticore (D:12)
  A moth of wrath (Zot:5)
  A bog body (Swamp:4)
  A killer bee (D:13)
  An orc wizard (Orc:2)
  A briar patch (Swamp:4)
  A fire vortex (D:14)
  5 fungi
  23 plants
36 creatures vanquished.

Grand Total: 768 creatures vanquished

Notes
Turn   | Place    | Note
-------+----------+-------------------------------------------
     0 | D:1      | EnegeticOcto the Deep Dwarf Fighter began the quest for the
                  | Orb.
     0 | D:1      | Reached XP level 1. HP: 20/20 MP: 1/1
   248 | D:3      | Reached XP level 2. HP: 24/27 MP: 2/2
   298 | D:4      | Found Utouwofe's Gadget Boutique.
   322 | D:4      | Found Pomn's Weapon Emporium.
   352 | D:4      | Reached XP level 3. HP: 25/34 MP: 3/3
   404 | D:4      | Noticed a scorpion
   409 | D:4      | Killed a scorpion
   409 | D:4      | Reached XP level 4. HP: 31/42 MP: 4/4
   540 | D:4      | Reached XP level 5. HP: 33/49 MP: 5/5
   611 | D:4      | Noticed a phantom
   628 | D:4      | Killed a phantom
   628 | D:4      | Reached XP level 6. HP: 40/56 MP: 6/6
   694 | D:4      | Reached skill level 5 in Axes
   726 | D:4      | Found Cantumen's Jewellery Boutique.
   985 | D:5      | Entered Level 5 of the Dungeon
  1001 | D:5      | Found a staircase to the Ecumenical Temple.
  1011 | Temple   | Entered the Ecumenical Temple
  1190 | Temple   | Became a worshipper of Makhleb the Destroyer
  1223 | D:5      | Reached XP level 7. HP: 48/64 MP: 7/7
  1245 | D:5      | Found Geitik's Antique Armour Emporium.
  1246 | D:5      | Reached skill level 1 in Invocations
  1295 | D:5      | Bought a pair of glowing gloves for 150 gold pieces
  1322 | D:5      | Reached skill level 5 in Armour
  1322 | D:5      | Reached skill level 5 in Shields
  1353 | D:5      | Noticed Menkaure
  1356 | D:5      | Noticed a two-headed ogre
  1365 | D:5      | Killed Menkaure
  1365 | D:5      | Reached skill level 2 in Invocations
  1370 | D:5      | Killed a two-headed ogre
  1370 | D:5      | Reached skill level 3 in Invocations
  1370 | D:5      | Reached XP level 8. HP: 32/73 MP: 8/10
  1397 | D:5      | Noticed Eustachio
  1404 | D:5      | Reached skill level 4 in Invocations
  1424 | D:5      | Killed Eustachio
  1424 | D:5      | Reached skill level 5 in Fighting
  1486 | D:5      | Noticed Duvessa
  1487 | D:5      | Noticed Dowan
  1497 | D:5      | Killed Dowan
  1501 | D:5      | Banished Duvessa
  1501 | D:5      | Gained mutation: You passively map the area around you.
                  | [Deep Dwarf growth]
  1501 | D:5      | Reached XP level 9. HP: 40/81 MP: 12/12
  1785 | D:5      | Found a bloodstained altar of Trog.
  1785 | D:5      | Found a glowing golden altar of the Shining One.
  1838 | D:6      | Reached * piety under Makhleb
  1927 | D:6      | Reached skill level 5 in Invocations
  2493 | D:7      | Found a broken altar of Ashenzari.
  2596 | D:7      | Found an ancient bone altar of Kikubaaqudgha.
  2767 | D:7      | Reached ** piety under Makhleb
  2891 | D:8      | Reached skill level 6 in Invocations
  3090 | D:8      | Reached skill level 1 in Evocations
  3091 | D:8      | Found Weaxeirch's General Store.
  3434 | D:8      | Found a sparkling altar of Nemelex Xobeh.
  3635 | D:9      | Noticed Joseph
  3657 | D:9      | Killed Joseph
  3657 | D:9      | Reached XP level 10. HP: 73/91 MP: 13/13
  3678 | D:9      | Found a staircase to the Orcish Mines.
  3759 | D:9      | Noticed a white ugly thing
  3782 | D:9      | Killed a white ugly thing
  3790 | D:9      | Got a jewelled chain mail
  3800 | D:9      | Identified the +1 chain mail "Syinipt" {rC++ rN+ MR- Dex+2}
                  | (You found it on level 9 of the Dungeon)
  3994 | D:10     | Entered Level 10 of the Dungeon
  3999 | D:10     | Reached skill level 10 in Axes
  4014 | D:10     | Reached skill level 7 in Invocations
  4107 | D:10     | Reached *** piety under Makhleb
  4109 | D:10     | Noticed a sun demon
  4149 | D:10     | Noticed a centaur warrior
  4151 | D:10     | Noticed a five-headed hydra
  4160 | D:10     | Banished an unseen horror
  4165 | D:10     | Banished a centaur warrior
  4165 | D:10     | Reached XP level 11. HP: 69/99 MP: 12/12
  4167 | D:10     | Reached skill level 8 in Invocations
  4190 | D:10     | Reached skill level 5 in Evocations
  4201 | D:10     | Killed a 14-headed hydra
  4289 | D:10     | Noticed a centaur warrior
  4306 | D:10     | Killed a centaur warrior
  4329 | D:10     | Noticed a two-headed ogre
  4337 | D:10     | Banished a two-headed ogre
  4383 | D:10     | Noticed an orc knight
  4410 | D:10     | Killed an orc knight
  4540 | D:10     | Found a staircase to the Lair.
  4654 | D:11     | Killed an unseen horror
  4900 | D:11     | Reached skill level 9 in Invocations
  5347 | Orc:1    | Entered Level 1 of the Orcish Mines
  5561 | Orc:1    | Noticed Erolcha
  5594 | Orc:1    | Banished Erolcha
  5631 | Orc:2    | Entered Level 2 of the Orcish Mines
  5631 | Orc:2    | Found Fosiw's Jewellery Shop.
  5631 | Orc:2    | Found a staircase to the Elven Halls.
  5631 | Orc:2    | Found a runed translucent door.
  5631 | Orc:2    | Found a shimmering altar of Xom.
  5631 | Orc:2    | Noticed Flugslaktarn's ghost (journeyman MiFi)
  5640 | Orc:2    | Noticed a +2 halberd of chaos
  5660 | Orc:2    | Noticed an orc knight
  5686 | Orc:2    | Banished an orc knight
  5686 | Orc:2    | Reached XP level 12. HP: 90/110 MP: 9/11
  5723 | Orc:2    | Found a bloodstained altar of Trog.
  5776 | Orc:2    | Reached **** piety under Makhleb
  5956 | Orc:2    | Noticed an orc high priest
  5964 | Orc:2    | Noticed an orc high priest
  5970 | Orc:2    | Noticed Sonja
  5978 | Orc:2    | Killed an orc high priest
  5981 | Orc:2    | Killed Sonja
  5981 | Orc:2    | Noticed a two-headed ogre
  5983 | Orc:2    | Killed an orc high priest
  5987 | Orc:2    | Noticed an orc warlord
  5990 | Orc:2    | Killed a two-headed ogre
  5990 | Orc:2    | Reached skill level 10 in Invocations
  5999 | Orc:2    | Noticed an orc high priest
  6044 | Orc:2    | Killed an orc high priest
  6044 | Orc:2    | Reached skill level 10 in Armour
  6050 | Orc:2    | Killed an orc warlord
  6050 | Orc:2    | Reached skill level 10 in Shields
  6142 | Orc:2    | Found Maemamis's General Store.
  6143 | Orc:2    | Found Dew Ampi's Jewellery Shoppe.
  6144 | Orc:2    | Found Jeenukle's Antique Armour Shoppe.
  6144 | Orc:2    | Found Duicrax's Antique Weapon Emporium.
  6148 | Orc:2    | Bought an encrusted chain mail for 304 gold pieces
  6158 | Orc:2    | Identified the +6 chain mail "Woseps" {rElec rN++} (You
                  | bought it in a shop on level 2 of the Orcish Mines)
  6225 | Orc:2    | Reached ***** piety under Makhleb
  6312 | Orc:2    | Found a roughly hewn altar of Beogh.
  6595 | Orc:1    | Reached XP level 13. HP: 121/121 MP: 3/3
  6698 | Orc:2    | Bought the ring of Miurem {rC++ AC+4 Slay+3} for 950 gold
                  | pieces
  7144 | D:12     | Found Koinluh's Magic Scroll Emporium.
  7320 | D:12     | Reached skill level 11 in Invocations
  7523 | D:12     | Identified the +3 scimitar "Tanaff" {vorpal, Int+2}
  7549 | D:12     | Found a white marble altar of Elyvilon.
  8093 | D:13     | Reached skill level 10 in Fighting
  8377 | D:14     | Reached skill level 12 in Invocations
  8428 | D:14     | Reached ****** piety under Makhleb
  8435 | D:14     | Gained mutation: You resist negative energy. (rN+) [Deep
                  | Dwarf growth]
  8435 | D:14     | Reached XP level 14. HP: 133/133 MP: 6/6
  8466 | D:14     | Noticed Azrael
  8488 | D:14     | Banished Azrael
  8488 | D:14     | Reached skill level 10 in Evocations
  8593 | D:14     | Found a portal to a secret trove of treasure.
  8791 | D:14     | Reached skill level 13 in Invocations
  8915 | D:14     | Found a gate to the Vaults.
  9087 | D:15     | Entered Level 15 of the Dungeon
  9432 | D:15     | Found a staircase to the Depths.
  9447 | D:15     | Found Veimm's Magic Scroll Shop.
  9489 | D:15     | Reached skill level 14 in Invocations
 10238 | D:4      | Bought the ring "Naurph" {Fire rElec rPois Str-2} for 390
                  | gold pieces
 10495 | Lair:1   | Entered Level 1 of the Lair of Beasts
 10812 | Lair:2   | Found a staircase to the Swamp.
 10983 | Lair:2   | Reached XP level 15. HP: 122/144 MP: 7/7
 11236 | Lair:2   | Noticed Prince Ribbit
 11244 | Lair:2   | Killed Prince Ribbit
 12371 | Lair:3   | Identified a scroll of acquirement
 12372 | Lair:3   | Acquired the +2 helmet of Evolution {Str+6}
 12574 | Lair:4   | Reached skill level 1 in Dodging
 12628 | Lair:4   | You fall into a shaft and drop 2 floors!
 12628 | Lair:6   | Entered Level 6 of the Lair of Beasts
 12655 | Lair:6   | Reached skill level 15 in Invocations
 12729 | Lair:4   | Found a staircase to the Snake Pit.
 12956 | Snake:1  | Entered Level 1 of the Snake Pit
 13108 | Snake:3  | Found a runed translucent door.
 13108 | Snake:3  | Found a shimmering altar of Xom.
 13108 | Snake:3  | Noticed Efeterghoju's ghost (adept GnCj)
 13162 | Snake:4  | Entered Level 4 of the Snake Pit
 13193 | Snake:4  | Noticed a nagaraja
 13201 | Snake:4  | Killed a nagaraja
 13217 | Snake:4  | Noticed a nagaraja
 13226 | Snake:4  | Killed a nagaraja
 13232 | Snake:4  | Noticed a nagaraja
 13239 | Snake:4  | Killed a nagaraja
 13255 | Snake:4  | Noticed a nagaraja
 13261 | Snake:4  | Banished a nagaraja
 13269 | Snake:4  | Reached skill level 16 in Invocations
 13282 | Snake:4  | Got a serpentine rune of Zot
 13338 | Snake:4  | Noticed a nagaraja
 13343 | Snake:4  | Killed a nagaraja
 13402 | Snake:3  | Noticed Agnes
 13404 | Snake:3  | Banished Agnes
 13419 | Snake:3  | Reached XP level 16. HP: 156/156 MP: 10/10
 13555 | Swamp:1  | Entered Level 1 of the Swamp
 13928 | Swamp:2  | Reached skill level 5 in Dodging
 13968 | Swamp:3  | Noticed a thorn hunter
 13977 | Swamp:3  | Banished a thorn hunter
 14010 | Swamp:4  | Entered Level 4 of the Swamp
 14109 | Swamp:4  | Reached skill level 17 in Invocations
 14172 | Swamp:4  | Noticed a thorn hunter
 14201 | Swamp:4  | Killed a thorn hunter
 14357 | Swamp:4  | Noticed a tentacled monstrosity
 14381 | Swamp:4  | Banished a tentacled monstrosity
 14409 | Swamp:4  | Got a decaying rune of Zot
 14900 | D:8      | Bought a scroll of blinking for 97 gold pieces
 14900 | D:8      | Bought 2 potions of resistance for 260 gold pieces
 15005 | D:12     | Gained mutation: You occasionally shout uncontrollably at
                  | your foes. [mutagenic glow]
 15015 | D:12     | Cast into level 3 of the Abyss (unwielding a weapon of
                  | distortion)
 15030 | Abyss:3  | Gained mutation: You are dopey. (Int -2) [mutagenic glow]
 15033 | Abyss:3  | Gained mutation: Scrolls take you a little longer to read.
                  | [a cacodemon]
 15042 | Abyss:3  | Gained mutation: You are weak. (Str -2) [a cacodemon]
 15043 | Abyss:3  | Gained mutation: You are very dopey. (Int -4) [mutagenic
                  | glow]
 15083 | Abyss:3  | Lost mutation: You are very dopey. (Int -4) [mutagenic
                  | glow]
 15149 | Abyss:4  | Found a corrupted altar of Lugonu.
 15181 | Abyss:4  | Reached XP level 17. HP: 164/166 MP: 0/0
 15549 | Abyss:4  | Gained mutation: Your magical capacity is low. (-10% MP) [a
                  | neqoxec]
 15587 | Abyss:4  | Paralysed by accursed screaming for 1 turns
 15592 | Abyss:4  | Reached skill level 18 in Invocations
 15592 | Abyss:4  | Gained mutation: You passively map a large area around you.
                  | [Deep Dwarf growth]
 15592 | Abyss:4  | Reached XP level 18. HP: 158/158 MP: 0/6
 15598 | Abyss:4  | Gained mutation: You are clumsy. (Dex -2) [a neqoxec]
 15601 | Abyss:4  | Got an abyssal rune of Zot
 15648 | D:12     | Escaped the Abyss
 15783 | Depths:1 | Entered Level 1 of the Depths
 15926 | Depths:1 | Noticed Aizul
 15936 | Depths:1 | Banished Aizul
 16081 | Depths:2 | Found Hueq's Armour Shop.
 16084 | Depths:2 | Found Vucalup's Magic Scroll Boutique.
 16084 | Depths:2 | Found Iqedutag's Armour Shop.
 16089 | Depths:2 | Found Jyenenut's Antique Armour Boutique.
 16097 | Depths:2 | Found a gateway to Hell.
 16098 | Depths:2 | Bought a scroll of magic mapping for 66 gold pieces
 16098 | Depths:2 | Bought a scroll of magic mapping for 66 gold pieces
 16102 | Depths:2 | Found a flickering gateway to a bazaar.
 16112 | Depths:2 | Noticed a Brimstone Fiend
 16249 | Depths:3 | Reached skill level 19 in Invocations
 16291 | Depths:5 | Entered Level 5 of the Depths
 16291 | Depths:5 | Noticed the Enchantress
 16291 | Depths:5 | Noticed a tentacled monstrosity
 16313 | Depths:5 | Killed the Enchantress
 16313 | Depths:5 | Reached skill level 15 in Fighting
 16317 | Depths:5 | Killed a tentacled monstrosity
 16341 | Depths:5 | Noticed a tentacled monstrosity
 16365 | Depths:5 | Banished a tentacled monstrosity
 16365 | Depths:5 | Reached XP level 19. HP: 185/186 MP: 5/5
 16404 | Depths:5 | Found a gate to the Realm of Zot.
 16404 | Depths:5 | Noticed a golden dragon
 16432 | Depths:5 | Killed a golden dragon
 16455 | Zot:1    | Entered Level 1 of the Realm of Zot
 16556 | Zot:2    | Noticed a golden dragon
 16571 | Zot:2    | Reached skill level 20 in Invocations
 16608 | Zot:2    | Killed a golden dragon
 16630 | Zot:3    | Found a huge runed gate.
 16630 | Zot:3    | Found a huge runed gate.
 16630 | Zot:3    | Found a huge runed gate.
 16630 | Zot:3    | Found a huge runed gate.
 16630 | Zot:3    | Found a huge runed gate.
 16630 | Zot:3    | Found a huge runed gate.
 16630 | Zot:3    | Found a huge runed gate.
 16630 | Zot:3    | Found a huge runed gate.
 16630 | Zot:3    | Found a huge runed gate.
 16697 | Zot:3    | Noticed a golden dragon
 16705 | Zot:3    | Banished a golden dragon
 16713 | Zot:3    | Found a huge runed gate.
 16713 | Zot:3    | Found a huge runed gate.
 16717 | Zot:3    | Found a huge runed gate.
 16719 | Zot:3    | Found a huge runed gate.
 16719 | Zot:3    | Found a huge runed gate.
 16719 | Zot:3    | Found a huge runed gate.
 16719 | Zot:3    | Found a huge runed gate.
 16799 | Zot:4    | Reached skill level 21 in Invocations
 16860 | Zot:5    | Entered Level 5 of the Realm of Zot
 16966 | Zot:5    | Reached skill level 22 in Invocations
 16969 | Zot:5    | Reached XP level 20. HP: 98/196 MP: 1/1
 17015 | Zot:5    | Noticed a Killer Klown
 17015 | Zot:5    | Noticed a Killer Klown
 17015 | Zot:5    | Noticed an orb of fire
 17016 | Zot:5    | Noticed a Killer Klown
 17017 | Zot:5    | Gained mutation: You are very dopey. (Int -4) [an orb of
                  | fire]
 17027 | Zot:5    | Got the Orb of Zot
 17031 | Zot:5    | Noticed a Killer Klown
 17031 | Zot:5    | Noticed a Killer Klown
 17031 | Zot:5    | Noticed a Killer Klown
 17031 | Zot:5    | Noticed a Killer Klown
 17031 | Zot:5    | Noticed an orb of fire
 17031 | Zot:5    | Gained mutation: Your body sometimes deteriorates upon
                  | taking damage. [an orb of fire]
 17032 | Zot:5    | Noticed a Killer Klown
 17034 | Zot:5    | Noticed an ancient lich
 17042 | Zot:5    | HP: 7/196 [Orb Guardian (10)]
 17042 | Zot:5    | Killed from afar by a Killer Klown

Illustrated notes

Levels and vault maps discovered:
D:1:      scummos_arrival_checkerplants, layout_loops_ring, dk_noncrumbling_4,
          kennysheep_small_spiral
D:2:      layout_basic, chequers_ecumenical_altar_simple,
          minmay_fractal_squares_gapless_5, uniq_terence
D:3:      layout_loops_ring, grunt_temple_overflow_forces_of_nature,
          old_standard_altar, dk_vineyard_2, uniq_ijyb
D:4:      layout_loops_ring, serial_shops, shop, nicolae_shop_trees, shop,
          nrook_uturn, minmay_mini_jars
D:5:      layout_cave_pools, gammafunk_temple_overflow_wave,
          minmay_temple_entry_tees, serial_shops, shop_coins, uniq_eustachio,
          uniq_menkaure, uniq_duvessa
D:6:      minmay_angry_zag, layout_rooms
D:7:      layout_basic, ashenzari_altar_1, lemuel_zombie_altar_kikubaaqudgha
D:8:      layout_loops_ring, marbit_many_paths, serial_shops, shop,
          hangedman_decor_points
D:9:      layout_rooms, orc_0_dummy, uniq_joseph
D:10:     minmay_cut_squares, layout_rooms, minivault_7
D:11:     layout_basic, kennysheep_pointless_box
D:12:     layout_loops_corners, serial_shops, shop, lemuel_statue_altar
D:13:     layout_roguey
D:14:     layout_big_octagon, grunt_vaults_entry_tiered, enter_trove_3,
          minmay_misc_feat_nine_boxes, uniq_azrael
D:15:     hangedman_depths_entry_civil_slaughter, layout_loops_ring,
          serial_shops, nicolae_shop_waterfront, minmay_door_square,
          hangedman_cracks_in_the_wall
Temple:   minmay_temple_curvy_branch
Lair:1:   layout_chaotic_city
Lair:2:   layout_loops_ring, skrybe_swamp_entry_bodies, beast_lair_carwin_10,
          grunt_megastairs_1, uniq_prince_ribbit2
Lair:3:   layout_cave_pods
Lair:4:   layout_cave_shapes, dummy_snake_entry, lemuel_fruit_tree
Lair:5:   layout_roguey, serial_bayou_pond_d, pf_torpor_hydra,
          grunt_megastairs_5, minmay_lair_oklob_chamber, serial_bayou_shore_b,
          uniq_josephine
Lair:6:   minmay_lair_end_frog_pond, layout_gridlike, slime_altar_1,
          gammafunk_lair_bear_cave, uniq_rupert
Swamp:1:  layout_basic_swamp, evilmike_swamp_ruin_rubble_2, swamp_pool1
Swamp:2:  gammafunk_worm_tunnel, layout_basic_swamp,
          nicolae_swamp_feature_on_the_river_bank, swamp_pool4
Swamp:3:  layout_basic_swamp, evilmike_swamp_ruin_house_4, uniq_mara,
          uniq_nikola
Swamp:4:  swamp_vile, layout_basic_swamp
Snake:1:  layout_concentric_octagons, serial_shops, nicolae_shop_trees,
          dpeg_stationary_puzzle
Snake:2:  layout_cave_town, serial_shops, shop, serial_bayou_lake_a,
          uniq_vashnia
Snake:3:  layout_onion, ebering_ghost_xom, uniq_agnes
Snake:4:  minmay_snake_end_coiled, layout_gridlike
Orc:1:    layout_diamond_mine, uniq_erolcha
Orc:2:    st_orc_congregation, layout_diamond_mine, ebering_ghost_xom,
          basic_altar, serial_shops, shop, mines1_david, uniq_sonja
Depths:1: layout_gridlike, grunt_metal_band, serial_shops, kennysheep_mini,
          chequers_serial_rivers_small_3, abyss_entry, minmay_serpent_palace,
          grunt_megastairs_3, uniq_aizul
Depths:2: lemuel_troll_bridge, layout_small_grid, abyss_entry_crystal,
          hell_entry, serial_shops, bzr_entry_lakeside,
          minmay_staircase_windowed_large, minmay_shoptagon, grunt_megastairs_4
Depths:3: minmay_the_grid_triangle_9x9_recursive_2
          [minmay_the_grid_triangle_9x9_prize_special,
          minmay_the_grid_triangle_9x9_zippers_horizontal,
          minmay_the_grid_triangle_9x9_warning,
          minmay_the_grid_triangle_9x9_longest], layout_cave_pools,
          enter_ziggurat_d, minmay_room_of_horrors, hell_entry,
          rand_demon_pan_entry_3, minmay_misc_feat_doors, st_stairs_8,
          drop_trap, kennysheep_nondescript, minivault_15,
          kennysheep_generic_room_6, uniq_bai_suzhen
Depths:4: radiant_caverns_a_rkd, serial_shops, abyss_entry, pan_entry,
          hell_entry
Depths:5: grunt_twist_and_shout, layout_cave_pools, special_room
          [special_room_morgue], rand_demon_pan_entry_7, hell_entry,
          chequers_serial_rivers_small_b, serial_bayou_shore_b, uniq_enchantress
Zot:1:    layout_onion_interference, guppyfry_library_mini
Zot:2:    layout_concentric_octagons, st_stairs_3
Zot:3:    layout_misc_corridors, gammafunk_ghost_door_vault,
          hangedman_zot_decor_unnerving_road, st_small_dragon_hoard_2
Zot:4:    nicolae_moth_party, layout_concentric_octagons, drop_trap
Zot:5:    layout_misc_corridors, grunt_ministairs_8

Skill      XL: |  1  2  3  4  5  6  7  8  9 10 11 12 13 14 15 16 17 18 19 |
---------------+----------------------------------------------------------+-----
Fighting       | 3 4 5 6 7 9 10 11 13 14 15 | 15.7
Axes           | 3 4 5 7 8 9 10 12 13 14 | 14.0
Armour         | 4 5 6 7 8 9 10 11 12 13 14 | 14.8
Shields        | 4 5 6 7 8 9 10 11 12 13 14 | 14.6
Invocations    | 3 4 6 7 9 10 12 14 16 17 18 19 22 | 22.3
Evocations     | 1 4 6 8 9 10 | 10.0
Dodging        | 4 6 7 9 |  9.7

Action                   |  1- 3 |  4- 6 |  7- 9 | 10-12 | 13-15 | 16-18 | 19-21 || total
-------------------------+-------+-------+-------+-------+-------+-------+-------++-------
Melee: War axe           |    12 |       |       |       |       |       |       ||    12
       Hand axe          |    22 |    65 |   266 |   493 |  1138 |   808 |   303 ||  3095
Invok: Lesser Servant of |       |       |       |     4 |     3 |     1 |       ||     8
       Greater Servant o |       |       |       |       |     2 |     2 |     2 ||     6
 Abil: Heal Wounds       |       |     3 |     6 |    47 |     9 |    25 |    23 ||   113
Evoke: Wand              |       |       |       |     3 |     2 |     5 |       ||    10
       Condenser vane    |       |       |       |     2 |     1 |     3 |     1 ||     7
  Use: Scroll            |       |       |    14 |     6 |     9 |    10 |    14 ||    53
       Potion            |       |       |       |       |     1 |     8 |     5 ||    14
 Stab: Petrifying        |       |       |       |       |     2 |       |       ||     2
       Petrified         |       |       |       |       |     5 |       |       ||     5
       Distracted        |       |       |       |       |     3 |       |       ||     3
       Confused          |       |       |       |       |       |     2 |       ||     2
Armor: Scale mail        |    11 |    23 |    38 |       |       |       |       ||    72
       Plate armour      |       |       |    48 |   323 |   124 |   383 |   178 ||  1056
       Chain mail        |       |       |       |     2 |   246 |       |       ||   248
Dodge: Dodged            |     7 |     9 |    50 |   116 |   150 |   162 |    73 ||   567
Block: Kite shield       |    13 |    18 |   117 |   437 |   530 |       |       ||  1115
       Reflection        |       |       |       |     5 |    92 |    49 |     5 ||   151
       Tower shield      |       |       |       |       |   244 |   903 |   376 ||  1523

Table legend: (Time is in decaauts)
 A = Elapsed time spent in this place.
 B = Non-inter-level travel time spent in this place.
 C = Inter-level travel time spent in this place.
 D = Time resting spent in this place.
 E = Time spent auto-exploring this place.
 F = Levels seen in this place.
 G = Mean time per level.
                   A        B        C        D        E       F      G
               +--------+--------+--------+--------+--------+-----+--------+
         Total |  16286 |  13965 |   2321 |     26 |   8986 |  44 |  370.1 |
       Dungeon |   9058 |   7573 |   1485 |      0 |   5466 |  15 |  603.9 |
        Temple |    201 |    139 |     62 |      0 |    137 |   1 |  201.0 |
          Lair |   2545 |   2243 |    302 |      0 |   1820 |   6 |  424.2 |
         Swamp |    984 |    786 |    198 |      0 |    186 |   4 |  246.0 |
     Snake Pit |    475 |    432 |     43 |      0 |     29 |   4 |  118.8 |
  Orcish Mines |   1339 |   1187 |    152 |      0 |    875 |   2 |  669.5 |
        Depths |    569 |    549 |     20 |      0 |     88 |   5 |  113.8 |
           Zot |    501 |    443 |     58 |     26 |     26 |   5 |  100.2 |
         Abyss |    611 |    611 |      0 |      0 |    358 |   2 |  305.5 |
               +--------+--------+--------+--------+--------+-----+--------+

Top non-repeatable levels by time:
    D:12: 955 daAuts
    D:15: 923 daAuts
    D:11: 911 daAuts
   Orc:2: 897 daAuts
     D:8: 879 daAuts
  Lair:2: 869 daAuts
  Lair:3: 861 daAuts
    D:14: 738 daAuts
     D:4: 732 daAuts
     D:5: 673 daAuts
    D:10: 669 daAuts
     D:6: 652 daAuts
    D:13: 626 daAuts
     D:7: 566 daAuts
 Abyss:4: 496 daAuts
